Edmonton Oil Kings vs Kelowna Rockets
Created - Sunday, February 11, 2024 at 07:19
Goals
|
| Edmonton Oil Kings |
1 |
1 |
1 |
0 |
1 |
4 |
| Kelowna Rockets |
1 |
1 |
1 |
0 |
0 |
3 |
|
Shots
|
| Edmonton Oil Kings |
16 |
12 |
12 |
0 |
4 |
40 |
| Kelowna Rockets |
3 |
15 |
16 |
0 |
4 |
34 |
|
1st period
1. Kelowna Rockets , Riley Nash 3 (Mavrik Bourque 1) at 13:23
2. Edmonton Oil Kings , Filip Zadina 1 (Xavier Bourgault 1) at 14:09
Penalties :
Maxence Guenette (KEL) for Hooking (Minor) at 2:54, Roby Jarventie (KEL) for Roughing (Minor) at 16:58
2nd period
3. Kelowna Rockets , Jacob Perreault 3 (Bobby McMann 7) at 5:15 (PP)
4. Edmonton Oil Kings , Joey Anderson 3 (Noah Gregor 3, Connor McMichael 2) at 19:00 (PP)
Penalties :
Dillon Dube (EOK) for Slashing (Double Minor) at 4:40, Roby Jarventie (KEL) for Holding Stick (Minor) at 8:13, Bobby McMann (KEL) for Slashing (Minor) at 18:17
3rd period
5. Kelowna Rockets , Bobby McMann 6 (Jacob Perreault 7, Jack Drury 13) at 13:38
6. Edmonton Oil Kings , Ryan McLeod 3 (Kirill Marchenko 7, Dillon Dube 6) at 17:39 (PP)
Penalties :
Eemil Viro (KEL) for Interference (Minor) at 16:07
Overtime #1
No Goal
Penalties :
No Penalty
Shootout
Edmonton Oil Kings, Kirill Marchenko - Stopped by Arvid Holm
Kelowna Rockets, Riley Nash - Stopped by Karel Vejmelka
Edmonton Oil Kings, Dillon Dube - Stopped by Arvid Holm
Kelowna Rockets, Matias Maccelli - Stopped by Karel Vejmelka
Edmonton Oil Kings, Jack Quinn - Shot Hit the Post
Kelowna Rockets, Joel Kiviranta - Stopped by Karel Vejmelka
Edmonton Oil Kings, Ryan McLeod - Goal!
Kelowna Rockets, Bobby McMann - Stopped by Karel Vejmelka
Penalties :
No Penalty
Goalie Stats
Karel Vejmelka (EOK), 31 saves from 34 shots - (0.912), W, 4-2-0, 65:00 minutes
Arvid Holm (KEL), 37 saves from 40 shots - (0.925), OTL, 2-3-2, 65:00 minutes
Players Stats for Edmonton Oil Kings
Player Name G A P +/- PIM S H SB GA TA FO MP PP MP PK MP
------------------------------------------------------------------------------------
Brett Kulak 0 0 0 0 0 3 4 1 0 0 0/0 22:38 0:00 1:17
Connor McMichael 0 1 1 0 0 3 2 0 1 0 13/22 20:02 2:41 0:00
Dillon Dube 0 1 1 -2 4 2 8 0 2 0 1/2 22:32 5:24 0:00
Filip Zadina 1 0 1 1 0 4 1 0 2 0 0/0 12:17 3:09 0:00
Jack Quinn 0 0 0 0 0 4 1 0 0 0 0/1 22:42 5:03 0:01
Joey Anderson 1 0 1 0 0 6 0 1 1 0 0/0 13:44 2:39 1:22
Josh Mahura 0 0 0 0 0 1 1 1 0 0 0/0 13:30 0:00 0:00
Juuso Valimaki 0 0 0 -1 0 0 1 1 1 1 0/0 22:44 5:03 1:17
Kale Clague 0 0 0 0 0 1 0 4 0 0 0/0 13:30 0:00 0:00
Kirill Marchenko 0 1 1 -2 0 5 0 1 1 0 0/1 21:41 5:24 0:00
Mackenzie Entwistle 0 0 0 1 0 2 0 0 0 0 0/0 9:40 0:00 1:22
Morgan Barron 0 0 0 0 0 2 2 0 1 1 1/2 17:57 0:09 1:11
Nick Holden 0 0 0 0 0 0 0 0 0 1 0/0 28:46 3:09 1:17
Noah Gregor 0 1 1 0 0 2 0 1 1 0 0/0 14:18 2:39 0:01
Ryan McLeod 1 0 1 -2 0 4 0 0 0 0 14/24 22:52 5:24 1:11
Troy Stecher 0 0 0 -1 0 0 1 1 0 1 0/0 19:45 0:00 1:17
Tyler Angle 0 0 0 1 0 0 1 0 0 0 5/6 8:40 0:07 0:00
Xavier Bourgault 0 1 1 0 0 1 3 0 1 1 2/3 10:07 0:09 0:00
Players Stats for Kelowna Rockets
Player Name G A P +/- PIM S H SB GA TA FO MP PP MP PK MP
------------------------------------------------------------------------------------
Anttoni Honka 0 0 0 0 0 3 1 3 0 2 0/0 25:48 1:31 4:27
Bobby McMann 1 1 2 1 2 4 6 0 1 1 1/1 22:19 1:13 3:47
Connor Zary 0 0 0 -1 0 0 0 1 0 0 3/7 13:09 0:00 0:00
Eemil Viro 0 0 0 1 2 0 1 0 0 1 0/0 14:34 0:00 0:00
Henri Nikkanen 0 0 0 0 0 0 0 0 0 0 0/0 1:39 0:00 0:00
Jack Drury 0 1 1 1 0 5 1 0 0 0 6/16 16:58 1:13 0:00
Jacob Perreault 1 1 2 1 0 2 0 0 0 0 0/1 16:58 1:13 0:00
Jasper Weatherby 0 0 0 0 0 0 1 0 0 0 0/0 3:01 0:10 0:10
Joel Kiviranta 0 0 0 0 0 1 0 0 0 2 2/4 18:49 1:11 4:11
Kim Nousiainen 0 0 0 1 0 0 1 2 0 2 0/0 15:33 0:00 0:58
Lucas Johansen 0 0 0 0 0 1 1 0 0 1 0/0 24:37 1:03 3:45
Matias Maccelli 0 0 0 1 0 3 1 2 0 0 0/3 25:48 1:21 3:51
Mavrik Bourque 0 1 1 1 0 0 0 0 0 0 3/5 8:05 0:00 0:00
Maxence Guenette 0 0 0 0 2 2 2 3 0 0 0/0 24:58 1:31 3:29
Nicholas Caamano 0 0 0 -1 0 1 3 0 1 1 0/0 13:57 0:00 0:10
Oskari Laaksonen 0 0 0 0 0 2 0 1 0 0 0/0 24:37 1:03 3:45
Riley Nash 1 0 1 1 0 5 2 0 2 0 10/24 25:44 1:21 3:51
Roby Jarventie 0 0 0 -1 4 5 1 1 1 1 0/0 15:09 0:00 0:24
3 Stars
1 - Bobby McMann (KEL)
2 - Jacob Perreault (KEL)
3 - Filip Zadina (EOK)
Power Play
Edmonton Oil Kings - 2 on 5 Attempt(s) - 40.00%
Kelowna Rockets - 1 on 2 Attempt(s) - 50.00%
Penalty Kill
Edmonton Oil Kings - 1 on 2 Attempt(s) - 50.00%
- Score 0 goal in Penalty Kill
Kelowna Rockets - 3 on 5 Attempt(s) - 60.00%
- Score 0 goal in Penalty Kill
Team Stat
Edmonton Oil Kings - Hits : 25 - Faceoff Wins : 36 - Blocked Shots : 11 - Penalty Minutes : 4
Kelowna Rockets - Hits : 21 - Faceoff Wins : 25 - Blocked Shots : 13 - Penalty Minutes : 10
Official
Referees : Dennis LaRue and Evgeny Romasko
Linesman : Shandor Alphonso and John Grandt
Game Notes
No Game Note
Edmonton Oil Kings
5 vs 5 Forward
Center Left Wing Right Wing Time % Phy DF OF
1 Ryan McLeod Dillon Dube Kirill Marchenko 36 0 2 3
2 Connor McMichael Jack Quinn Morgan Barron 33 0 2 3
3 Xavier Bourgault Noah Gregor Joey Anderson 20 1 2 2
4 Tyler Angle Mackenzie Entwistle Filip Zadina 11 1 2 2
5 vs 5 Defense
Defense Defense Time % Phy DF OF
1 Nick Holden Brett Kulak 37 1 2 2
2 Juuso Valimaki Troy Stecher 33 0 2 3
3 Kale Clague Josh Mahura 20 1 3 1
4 Nick Holden Troy Stecher 10 1 4 0
PowerPlay Forward
Center Left Wing Right Wing Time % Phy DF OF
1 Ryan McLeod Dillon Dube Kirill Marchenko 55 0 0 5
2 Connor McMichael Noah Gregor Joey Anderson 45 0 1 4
PowerPlay Defense
Defense Defense Time % Phy DF OF
1 Juuso Valimaki Jack Quinn 50 0 1 4
2 Nick Holden Filip Zadina 50 0 1 4
Penalty Kill 4 Players Forward
Center Wing Time % Phy DF OF
1 Ryan McLeod Morgan Barron 50 1 4 0
2 Mackenzie Entwistle Joey Anderson 50 1 4 0
Penalty Kill 4 Players Defense
Defense Defense Time % Phy DF OF
1 Nick Holden Brett Kulak 50 1 4 0
2 Juuso Valimaki Troy Stecher 50 1 4 0
Penalty Kill - 3 Players Forward
Forward Time % Phy DF OF
1 Ryan McLeod 52 1 4 0
2 Morgan Barron 48 1 4 0
Penalty Kill - 3 Players Defense
Defense Defense Time % Phy DF OF
1 Brett Kulak Nick Holden 50 1 4 0
2 Troy Stecher Juuso Valimaki 50 1 4 0
4 vs 4 Forward
Center Wing Time % Phy DF OF
1 Ryan McLeod Dillon Dube 50 0 2 3
2 Connor McMichael Kirill Marchenko 50 0 2 3
4 vs 4 Defense
Defense Defense Time % Phy DF OF
1 Nick Holden Brett Kulak 55 1 2 2
2 Juuso Valimaki Troy Stecher 45 1 2 2
Last Minutes Offensive
Center Left Wing Right Wing Defense Defense
Ryan McLeod Dillon Dube Kirill Marchenko Nick Holden Juuso Valimaki
Last Minutes Defensive
Center Left Wing Right Wing Defense Defense
Ryan McLeod Morgan Barron Joey Anderson Nick Holden Troy Stecher
Goaltenders
Starting : Karel Vejmelka
Backup : Jonathan Quick
Extra Forwards
Normal : Jack Quinn, Dillon Dube, Kirill Marchenko - PP : Noah Gregor, Kirill Marchenko - PK : Noah Gregor
Extra Defensemen
Normal : Troy Stecher, Nick Holden, Brett Kulak - PP : Brett Kulak - PK : Troy Stecher, Brett Kulak
Penalty Shots
Kirill Marchenko, Dillon Dube, Jack Quinn, Ryan McLeod, Noah Gregor
Kelowna Rockets
5 vs 5 Forward
Center Left Wing Right Wing Time % Phy DF OF
1 Riley Nash Matias Maccelli Joel Kiviranta 30 1 2 2
2 Jack Drury Bobby McMann Jacob Perreault 30 1 2 2
3 Connor Zary Roby Jarventie Nicholas Caamano 25 1 2 2
4 Mavrik Bourque Riley Nash Matias Maccelli 15 1 2 2
5 vs 5 Defense
Defense Defense Time % Phy DF OF
1 Maxence Guenette Anttoni Honka 30 1 2 2
2 Lucas Johansen Oskari Laaksonen 30 1 2 2
3 Eemil Viro Kim Nousiainen 25 1 2 2
4 Maxence Guenette Anttoni Honka 15 1 2 2
PowerPlay Forward
Center Left Wing Right Wing Time % Phy DF OF
1 Riley Nash Matias Maccelli Joel Kiviranta 50 1 2 2
2 Jack Drury Bobby McMann Jacob Perreault 50 1 2 2
PowerPlay Defense
Defense Defense Time % Phy DF OF
1 Maxence Guenette Anttoni Honka 50 1 2 2
2 Lucas Johansen Oskari Laaksonen 50 1 2 2
Penalty Kill 4 Players Forward
Center Wing Time % Phy DF OF
1 Riley Nash Matias Maccelli 50 1 2 2
2 Joel Kiviranta Bobby McMann 50 1 2 2
Penalty Kill 4 Players Defense
Defense Defense Time % Phy DF OF
1 Maxence Guenette Anttoni Honka 50 1 2 2
2 Lucas Johansen Oskari Laaksonen 50 1 2 2
Penalty Kill - 3 Players Forward
Forward Time % Phy DF OF
1 Riley Nash 50 1 2 2
2 Matias Maccelli 50 1 2 2
Penalty Kill - 3 Players Defense
Defense Defense Time % Phy DF OF
1 Maxence Guenette Anttoni Honka 50 1 2 2
2 Lucas Johansen Oskari Laaksonen 50 1 2 2
4 vs 4 Forward
Center Wing Time % Phy DF OF
1 Riley Nash Matias Maccelli 50 1 2 2
2 Joel Kiviranta Bobby McMann 50 1 2 2
4 vs 4 Defense
Defense Defense Time % Phy DF OF
1 Maxence Guenette Anttoni Honka 50 1 2 2
2 Lucas Johansen Oskari Laaksonen 50 1 2 2
Last Minutes Offensive
Center Left Wing Right Wing Defense Defense
Riley Nash Matias Maccelli Joel Kiviranta Maxence Guenette Anttoni Honka
Last Minutes Defensive
Center Left Wing Right Wing Defense Defense
Riley Nash Matias Maccelli Joel Kiviranta Maxence Guenette Anttoni Honka
Goaltenders
Starting : Arvid Holm
Backup : Eetu Makiniemi
Extra Forwards
Normal : Jasper Weatherby, Henri Nikkanen, Roby Jarventie - PP : Jasper Weatherby, Henri Nikkanen - PK : Roby Jarventie
Extra Defensemen
Normal : Eemil Viro, Kim Nousiainen, Lucas Johansen - PP : Eemil Viro - PK : Kim Nousiainen, Lucas Johansen
Penalty Shots
Riley Nash, Matias Maccelli, Joel Kiviranta, Bobby McMann, Roby Jarventie
% Time on Ice - Edmonton Oil Kings
Lines # - Real PCT - Wanted PCT - Time Play
Normal Forward
1 - 32% - 36% - 15:35
2 - 32% - 33% - 15:46
3 - 19% - 20% - 9:35
4 - 17% - 11% - 8:18
Normal Defense
1 - 39% - 37% - 19:04
2 - 32% - 33% - 15:32
3 - 25% - 20% - 12:23
4 - 5% - 10% - 2:15
PP Forward
1 - 67% - 55% - 5:31
2 - 33% - 45% - 2:41
PP Defense
1 - 62% - 50% - 5:03
2 - 38% - 50% - 3:09
PK Forward
1 - 47% - 50% - 1:12
2 - 53% - 50% - 1:22
PK Defense
1 - 50% - 50% - 1:17
2 - 50% - 50% - 1:17
PK3 Forward
1 - 0% - 52%
2 - 0% - 48%
PK3 Defense
1 - 0% - 50%
2 - 0% - 50%
44 Forward
1 - 48% - 50% - 2:25
2 - 52% - 50% - 2:35
44 Defense
1 - 52% - 55% - 2:36
2 - 48% - 45% - 2:24
Last Minute Offensive - 0:00
Last Minute Defensive - 0:00
Total
Forward - 65:00
Defense - 65:00
|
% Time on Ice - Kelowna Rockets
Lines # - Real PCT - Wanted PCT - Time Play
Normal Forward
1 - 23% - 30% - 11:24
2 - 34% - 30% - 16:36
3 - 27% - 25% - 13:09
4 - 16% - 15% - 8:05
Normal Defense
1 - 26% - 30% - 12:43
2 - 37% - 30% - 17:59
3 - 28% - 25% - 13:40
4 - 10% - 15% - 4:52
PP Forward
1 - 53% - 50% - 1:21
2 - 47% - 50% - 1:13
PP Defense
1 - 59% - 50% - 1:31
2 - 41% - 50% - 1:03
PK Forward
1 - 48% - 50% - 3:58
2 - 52% - 50% - 4:14
PK Defense
1 - 54% - 50% - 4:27
2 - 46% - 50% - 3:45
PK3 Forward
1 - 0% - 50%
2 - 0% - 50%
PK3 Defense
1 - 0% - 50%
2 - 0% - 50%
44 Forward
1 - 46% - 50% - 2:19
2 - 54% - 50% - 2:41
44 Defense
1 - 63% - 50% - 3:10
2 - 37% - 50% - 1:50
Last Minute Offensive - 0:00
Last Minute Defensive - 0:00
Total
Forward - 65:00
Defense - 65:00
|
Play-by-Play
1st period
0:01 of 1st period - Riley Nash wins face-off versus Ryan McLeod in neutral zone.
0:14 of 1st period - Snap shot by Riley Nash.
0:14 of 1st period - Shot Misses the Net.
0:26 of 1st period - Bobby McMann is hit by Connor McMichael and loses puck.
0:57 of 1st period - Snap shot by Roby Jarventie.
0:57 of 1st period - Shot Misses the Net.
1:37 of 1st period - Slapshot by Bobby McMann.
1:37 of 1st period - Stopped by Karel Vejmelka with a rebound.
1:56 of 1st period - Snap shot by Morgan Barron.
1:56 of 1st period - Deflect By Nicholas Caamano.
1:56 of 1st period - Shot Misses the Net.
1:56 of 1st period - Puck is out of play.
1:57 of 1st period - Riley Nash wins face-off versus Jack Quinn in Kelowna Rockets zone.
2:19 of 1st period - Icing by Nick Holden.
2:20 of 1st period - Connor McMichael wins face-off versus Jack Drury in Edmonton Oil Kings zone.
2:25 of 1st period - Snap shot by Kirill Marchenko.
2:25 of 1st period - Shot Misses the Net.
2:27 of 1st period - Slapshot by Brett Kulak.
2:27 of 1st period - Stopped by Arvid Holm with a rebound.
2:32 of 1st period - Icing by Jacob Perreault.
2:33 of 1st period - Ryan McLeod wins face-off versus Jack Drury in Kelowna Rockets zone.
2:34 of 1st period - Wrist shot by Dillon Dube.
2:34 of 1st period - Shot Blocked by Maxence Guenette.
2:54 of 1st period - Minor Penalty to Maxence Guenette for Hooking.
2:55 of 1st period - Ryan McLeod wins face-off versus Riley Nash in Kelowna Rockets zone.
2:56 of 1st period - Slapshot by Dillon Dube.
2:56 of 1st period - Stopped by Arvid Holm with a rebound.
3:10 of 1st period - Snap shot by Kirill Marchenko.
3:10 of 1st period - Stopped by Arvid Holm with a rebound.
4:15 of 1st period - Snap shot by Kirill Marchenko.
4:15 of 1st period - Stopped by Arvid Holm with a rebound.
4:17 of 1st period - Wrist shot by Ryan McLeod.
4:17 of 1st period - Stopped by Arvid Holm without a rebound.
4:18 of 1st period - Connor McMichael wins face-off versus Joel Kiviranta in Kelowna Rockets zone.
4:29 of 1st period - Backhand shot by Joey Anderson.
4:29 of 1st period - Stopped by Arvid Holm without a rebound.
4:30 of 1st period - Connor McMichael wins face-off versus Matias Maccelli in Kelowna Rockets zone.
4:54 of 1st period - Penalty to Maxence Guenette is over, Maxence Guenette is back on ice.
5:14 of 1st period - Snap shot by Mackenzie Entwistle.
5:14 of 1st period - Stopped by Arvid Holm with a rebound.
5:35 of 1st period - Josh Mahura is hit by Jack Drury and loses puck.
5:46 of 1st period - Riley Nash is hit by Morgan Barron and loses puck.
5:59 of 1st period - Wrist shot by Roby Jarventie.
5:59 of 1st period - Shot Misses the Net.
6:01 of 1st period - Snap shot by Connor Zary.
6:01 of 1st period - Deflect By Roby Jarventie.
6:01 of 1st period - Shot Blocked by Brett Kulak.
6:01 of 1st period - Puck is out of play.
6:02 of 1st period - Connor Zary wins face-off versus Dillon Dube in Edmonton Oil Kings zone.
7:28 of 1st period - Matias Maccelli is hit by Dillon Dube and loses puck.
8:15 of 1st period - Snap shot by Noah Gregor.
8:15 of 1st period - Shot Misses the Net.
8:29 of 1st period - Kirill Marchenko is hit by Bobby McMann and loses puck.
8:52 of 1st period - Snap shot by Troy Stecher.
8:52 of 1st period - Deflect By Filip Zadina.
8:52 of 1st period - Shot Blocked by Connor Zary.
8:52 of 1st period - Puck is out of play.
8:53 of 1st period - Riley Nash wins face-off versus Ryan McLeod in Kelowna Rockets zone.
9:00 of 1st period - Snap shot by Kirill Marchenko.
9:00 of 1st period - Stopped by Arvid Holm without a rebound.
9:01 of 1st period - Ryan McLeod wins face-off versus Riley Nash in Kelowna Rockets zone.
9:04 of 1st period - Wrist shot by Kirill Marchenko.
9:04 of 1st period - Stopped by Arvid Holm with a rebound.
9:06 of 1st period - Snap shot by Kirill Marchenko.
9:06 of 1st period - Shot Blocked by Matias Maccelli.
9:47 of 1st period - Snap shot by Kirill Marchenko.
9:47 of 1st period - Shot Misses the Net.
10:24 of 1st period - Icing by Troy Stecher.
10:25 of 1st period - Jack Drury wins face-off versus Ryan McLeod in Edmonton Oil Kings zone.
10:34 of 1st period - Snap shot by Bobby McMann.
10:34 of 1st period - Shot Misses the Net.
10:49 of 1st period - Off-side.
10:50 of 1st period - Connor McMichael wins face-off versus Connor Zary in neutral zone.
11:05 of 1st period - Wrist shot by Connor Zary.
11:05 of 1st period - Shot Misses the Net.
11:37 of 1st period - Snap shot by Joey Anderson.
11:37 of 1st period - Stopped by Arvid Holm with a rebound.
11:39 of 1st period - Wrist shot by Joey Anderson.
11:39 of 1st period - Stopped by Arvid Holm without a rebound.
11:40 of 1st period - Xavier Bourgault wins face-off versus Jack Drury in Kelowna Rockets zone.
11:47 of 1st period - Wrist shot by Jack Drury.
11:47 of 1st period - Shot Blocked by Noah Gregor.
12:03 of 1st period - Nicholas Caamano is hit by Tyler Angle and loses puck.
12:45 of 1st period - Icing by Bobby McMann.
12:46 of 1st period - Tyler Angle wins face-off versus Jacob Perreault in Kelowna Rockets zone.
12:55 of 1st period - Slapshot by Filip Zadina.
12:55 of 1st period - Shot Misses the Net.
13:01 of 1st period - Wrist shot by Mackenzie Entwistle.
13:01 of 1st period - Shot Misses the Net.
13:15 of 1st period - Snap shot by Roby Jarventie.
13:15 of 1st period - Shot Misses the Net.
13:21 of 1st period - Slapshot by Roby Jarventie.
13:21 of 1st period - Stopped by Karel Vejmelka without a rebound.
13:22 of 1st period - Mavrik Bourque wins face-off versus Ryan McLeod in Edmonton Oil Kings zone.
13:23 of 1st period - Wrist shot by Riley Nash.
13:23 of 1st period - Goal by Riley Nash - Edmonton Oil Kings : 0 - Kelowna Rockets : 1.
13:24 of 1st period - Mavrik Bourque wins face-off versus Connor McMichael in neutral zone.
13:29 of 1st period - Wrist shot by Matias Maccelli.
13:29 of 1st period - Shot Misses the Net.
13:49 of 1st period - Bobby McMann is hit by Dillon Dube.
13:55 of 1st period - Snap shot by Kirill Marchenko.
13:55 of 1st period - Shot Misses the Net.
13:57 of 1st period - Snap shot by Kirill Marchenko.
13:57 of 1st period - Deflect By Ryan McLeod.
13:57 of 1st period - Stopped by Arvid Holm with a rebound.
14:09 of 1st period - Wrist shot by Filip Zadina.
14:09 of 1st period - Goal by Filip Zadina - Edmonton Oil Kings : 1 - Kelowna Rockets : 1.
14:10 of 1st period - Morgan Barron wins face-off versus Riley Nash in neutral zone.
14:13 of 1st period - Snap shot by Jack Quinn.
14:13 of 1st period - Shot Blocked by Kim Nousiainen.
14:15 of 1st period - Snap shot by Connor McMichael.
14:15 of 1st period - Stopped by Arvid Holm without a rebound.
14:16 of 1st period - Riley Nash wins face-off versus Connor McMichael in Kelowna Rockets zone.
14:31 of 1st period - Backhand shot by Matias Maccelli.
14:31 of 1st period - Shot Misses the Net.
14:45 of 1st period - Eemil Viro is hit by Dillon Dube and loses puck.
15:48 of 1st period - Snap shot by Riley Nash.
15:48 of 1st period - Shot Blocked by Kale Clague.
16:08 of 1st period - Bobby McMann is hit by Dillon Dube and loses puck.
16:31 of 1st period - Snap shot by Filip Zadina.
16:31 of 1st period - Stopped by Arvid Holm without a rebound.
16:32 of 1st period - Jack Drury wins face-off versus Kirill Marchenko in Kelowna Rockets zone.
16:58 of 1st period - Minor Penalty to Roby Jarventie for Roughing.
16:59 of 1st period - Joel Kiviranta wins face-off versus Ryan McLeod in Kelowna Rockets zone.
17:24 of 1st period - Nick Holden is hit by Bobby McMann and loses puck.
17:34 of 1st period - Snap shot by Noah Gregor.
17:34 of 1st period - Stopped by Arvid Holm with a rebound.
18:58 of 1st period - Penalty to Roby Jarventie is over, Roby Jarventie is back on ice.
Goals for this period are 1 for Edmonton Oil Kings vs 1 for Kelowna Rockets.
Shots for this period are 16 for Edmonton Oil Kings vs 3 for Kelowna Rockets.
2nd period
0:01 of 2nd period - Riley Nash wins face-off versus Connor McMichael in neutral zone.
0:06 of 2nd period - Snap shot by Joel Kiviranta.
0:06 of 2nd period - Shot Misses the Net.
0:08 of 2nd period - Slapshot by Maxence Guenette.
0:08 of 2nd period - Stopped by Karel Vejmelka with a rebound.
0:10 of 2nd period - Snap shot by Matias Maccelli.
0:10 of 2nd period - Shot Misses the Net.
0:12 of 2nd period - Slapshot by Joel Kiviranta.
0:12 of 2nd period - Shot Misses the Net.
0:43 of 2nd period - Jack Drury is hit by Brett Kulak and loses puck.
0:50 of 2nd period - Nick Holden is hit by Bobby McMann and loses puck.
0:59 of 2nd period - Snap shot by Bobby McMann.
0:59 of 2nd period - Stopped by Karel Vejmelka with a rebound.
1:01 of 2nd period - Wrist shot by Bobby McMann.
1:01 of 2nd period - Stopped by Karel Vejmelka with a rebound.
1:03 of 2nd period - Snap shot by Oskari Laaksonen.
1:03 of 2nd period - Stopped by Karel Vejmelka with a rebound.
1:05 of 2nd period - Wrist shot by Jack Drury.
1:05 of 2nd period - Shot Misses the Net.
1:07 of 2nd period - Snap shot by Lucas Johansen.
1:07 of 2nd period - Shot Blocked by Troy Stecher.
1:09 of 2nd period - Slapshot by Lucas Johansen.
1:09 of 2nd period - Stopped by Karel Vejmelka with a rebound.
1:11 of 2nd period - Slapshot by Bobby McMann.
1:11 of 2nd period - Deflect By Jack Drury.
1:11 of 2nd period - Stopped by Karel Vejmelka with a rebound.
1:13 of 2nd period - Wrist shot by Jacob Perreault.
1:13 of 2nd period - Shot Blocked by Juuso Valimaki.
1:15 of 2nd period - Slapshot by Jack Drury.
1:15 of 2nd period - Stopped by Karel Vejmelka with a rebound.
1:17 of 2nd period - Snap shot by Bobby McMann.
1:17 of 2nd period - Shot Hit the Post.
1:19 of 2nd period - Snap shot by Jack Drury.
1:19 of 2nd period - Stopped by Karel Vejmelka without a rebound.
1:20 of 2nd period - Connor McMichael wins face-off versus Riley Nash in Edmonton Oil Kings zone.
1:33 of 2nd period - Wrist shot by Jack Quinn.
1:33 of 2nd period - Shot Misses the Net.
1:35 of 2nd period - Wrist shot by Morgan Barron.
1:35 of 2nd period - Stopped by Arvid Holm with a rebound.
2:08 of 2nd period - Wrist shot by Matias Maccelli.
2:08 of 2nd period - Deflect By Joel Kiviranta.
2:08 of 2nd period - Stopped by Karel Vejmelka without a rebound.
2:09 of 2nd period - Connor Zary wins face-off versus Connor McMichael in Edmonton Oil Kings zone.
2:16 of 2nd period - Connor McMichael is hit by Nicholas Caamano and loses puck.
2:37 of 2nd period - Slapshot by Jack Drury.
2:37 of 2nd period - Shot Blocked by Joey Anderson.
2:39 of 2nd period - Wrist shot by Jack Drury.
2:39 of 2nd period - Shot Misses the Net.
2:41 of 2nd period - Wrist shot by Jack Drury.
2:41 of 2nd period - Shot Misses the Net.
2:43 of 2nd period - Snap shot by Jacob Perreault.
2:43 of 2nd period - Shot Misses the Net.
4:15 of 2nd period - Snap shot by Jack Quinn.
4:15 of 2nd period - Stopped by Arvid Holm without a rebound.
4:16 of 2nd period - Connor McMichael wins face-off versus Connor Zary in Kelowna Rockets zone.
4:19 of 2nd period - Wrist shot by Connor McMichael.
4:19 of 2nd period - Stopped by Arvid Holm with a rebound.
4:40 of 2nd period - Double Minor Penalty to Dillon Dube for Slashing.
4:41 of 2nd period - Ryan McLeod wins face-off versus Riley Nash in Edmonton Oil Kings zone.
5:15 of 2nd period - Slapshot by Jacob Perreault.
5:15 of 2nd period - Goal by Jacob Perreault - Edmonton Oil Kings : 1 - Kelowna Rockets : 2.
5:16 of 2nd period - Ryan McLeod wins face-off versus Jack Drury in neutral zone.
7:08 of 2nd period - Nick Holden is hit by Jasper Weatherby and loses puck.
7:15 of 2nd period - Penalty to Dillon Dube is over, Dillon Dube is back on ice.
7:25 of 2nd period - Noah Gregor is hit by Nicholas Caamano and loses puck.
7:44 of 2nd period - Snap shot by Dillon Dube.
7:44 of 2nd period - Stopped by Arvid Holm with a rebound.
7:59 of 2nd period - Snap shot by Noah Gregor.
7:59 of 2nd period - Stopped by Arvid Holm without a rebound.
8:00 of 2nd period - Tyler Angle wins face-off versus Connor Zary in Kelowna Rockets zone.
8:11 of 2nd period - Slapshot by Mackenzie Entwistle.
8:11 of 2nd period - Stopped by Arvid Holm with a rebound.
8:13 of 2nd period - Minor Penalty to Roby Jarventie for Holding Stick.
8:14 of 2nd period - Dillon Dube wins face-off versus Matias Maccelli in Kelowna Rockets zone.
8:31 of 2nd period - Matias Maccelli is hit by Dillon Dube and loses puck.
9:27 of 2nd period - Matias Maccelli is hit by Juuso Valimaki and loses puck.
10:13 of 2nd period - Penalty to Roby Jarventie is over, Roby Jarventie is back on ice.
10:16 of 2nd period - Oskari Laaksonen is hit by Xavier Bourgault and loses puck.
10:27 of 2nd period - Roby Jarventie is hit by Josh Mahura and loses puck.
12:17 of 2nd period - Juuso Valimaki is hit by Maxence Guenette.
14:24 of 2nd period - Connor Zary is hit by Brett Kulak and loses puck.
14:35 of 2nd period - Tyler Angle is hit by Anttoni Honka and loses puck.
14:58 of 2nd period - Lucas Johansen is hit by Dillon Dube and loses puck.
15:23 of 2nd period - Icing by Jacob Perreault.
15:24 of 2nd period - Tyler Angle wins face-off versus Jack Drury in Kelowna Rockets zone.
15:25 of 2nd period - Slapshot by Filip Zadina.
15:25 of 2nd period - Stopped by Arvid Holm without a rebound.
15:26 of 2nd period - Connor Zary wins face-off versus Tyler Angle in Kelowna Rockets zone.
15:51 of 2nd period - Matias Maccelli is hit by Brett Kulak and loses puck.
16:02 of 2nd period - Wrist shot by Morgan Barron.
16:02 of 2nd period - Shot Misses the Net.
16:04 of 2nd period - Slapshot by Connor McMichael.
16:04 of 2nd period - Deflect By Jack Quinn.
16:04 of 2nd period - Shot Blocked by Maxence Guenette.
16:04 of 2nd period - Puck is out of play.
16:05 of 2nd period - Jack Drury wins face-off versus Ryan McLeod in Kelowna Rockets zone.
16:17 of 2nd period - Jacob Perreault is hit by Dillon Dube.
16:35 of 2nd period - Wrist shot by Jack Quinn.
16:35 of 2nd period - Shot Misses the Net.
17:01 of 2nd period - Wrist shot by Roby Jarventie.
17:01 of 2nd period - Shot Misses the Net.
17:03 of 2nd period - Snap shot by Nicholas Caamano.
17:03 of 2nd period - Stopped by Karel Vejmelka with a rebound.
17:05 of 2nd period - Snap shot by Lucas Johansen.
17:05 of 2nd period - Deflect By Roby Jarventie.
17:05 of 2nd period - Stopped by Karel Vejmelka without a rebound.
17:06 of 2nd period - Jack Drury wins face-off versus Ryan McLeod in Edmonton Oil Kings zone.
17:09 of 2nd period - Wrist shot by Jack Drury.
17:09 of 2nd period - Stopped by Karel Vejmelka with a rebound.
17:11 of 2nd period - Slapshot by Anttoni Honka.
17:11 of 2nd period - Shot Misses the Net.
17:13 of 2nd period - Wrist shot by Jack Drury.
17:13 of 2nd period - Shot Misses the Net.
17:15 of 2nd period - Snap shot by Maxence Guenette.
17:15 of 2nd period - Shot Blocked by Kirill Marchenko.
17:20 of 2nd period - Icing by Brett Kulak.
17:21 of 2nd period - Ryan McLeod wins face-off versus Riley Nash in Edmonton Oil Kings zone.
17:21 of 2nd period - Ryan McLeod is hit by Riley Nash.
17:27 of 2nd period - Wrist shot by Brett Kulak.
17:27 of 2nd period - Stopped by Arvid Holm with a rebound.
17:33 of 2nd period - Nick Holden is hit by Riley Nash and loses puck.
17:48 of 2nd period - Snap shot by Morgan Barron.
17:48 of 2nd period - Stopped by Arvid Holm with a rebound.
17:50 of 2nd period - Snap shot by Jack Quinn.
17:50 of 2nd period - Stopped by Arvid Holm without a rebound.
17:51 of 2nd period - Connor McMichael wins face-off versus Jack Drury in Kelowna Rockets zone.
18:06 of 2nd period - Snap shot by Connor McMichael.
18:06 of 2nd period - Stopped by Arvid Holm with a rebound.
18:08 of 2nd period - Slapshot by Jack Quinn.
18:08 of 2nd period - Shot Misses the Net.
18:17 of 2nd period - Minor Penalty to Bobby McMann for Slashing.
18:18 of 2nd period - Ryan McLeod wins face-off versus Joel Kiviranta in Kelowna Rockets zone.
18:27 of 2nd period - Snap shot by Kirill Marchenko.
18:27 of 2nd period - Shot Blocked by Roby Jarventie.
19:00 of 2nd period - Slapshot by Noah Gregor.
19:00 of 2nd period - Deflect By Joey Anderson.
19:00 of 2nd period - Goal by Joey Anderson - Edmonton Oil Kings : 2 - Kelowna Rockets : 2.
19:01 of 2nd period - Ryan McLeod wins face-off versus Riley Nash in neutral zone.
19:09 of 2nd period - Wrist shot by Riley Nash.
19:09 of 2nd period - Shot Misses the Net.
19:11 of 2nd period - Snap shot by Matias Maccelli.
19:11 of 2nd period - Stopped by Karel Vejmelka without a rebound.
19:12 of 2nd period - Connor McMichael wins face-off versus Riley Nash in Edmonton Oil Kings zone.
19:58 of 2nd period - Wrist shot by Anttoni Honka.
19:58 of 2nd period - Deflect By Troy Stecher.
19:58 of 2nd period - Stopped by Karel Vejmelka with a rebound.
Goals for this period are 1 for Edmonton Oil Kings vs 1 for Kelowna Rockets.
Shots for this period are 12 for Edmonton Oil Kings vs 15 for Kelowna Rockets.
3rd period
0:01 of 3rd period - Riley Nash wins face-off versus Connor McMichael in neutral zone.
0:28 of 3rd period - Slapshot by Roby Jarventie.
0:28 of 3rd period - Stopped by Karel Vejmelka with a rebound.
0:34 of 3rd period - Slapshot by Brett Kulak.
0:34 of 3rd period - Stopped by Arvid Holm with a rebound.
0:36 of 3rd period - Slapshot by Ryan McLeod.
0:36 of 3rd period - Stopped by Arvid Holm without a rebound.
0:37 of 3rd period - Jack Drury wins face-off versus Xavier Bourgault in Kelowna Rockets zone.
0:46 of 3rd period - Noah Gregor is hit by Bobby McMann and loses puck.
1:08 of 3rd period - Snap shot by Roby Jarventie.
1:08 of 3rd period - Stopped by Karel Vejmelka with a rebound.
1:15 of 3rd period - Kale Clague is hit by Nicholas Caamano and loses puck.
1:50 of 3rd period - Slapshot by Roby Jarventie.
1:50 of 3rd period - Shot Blocked by Kale Clague.
1:52 of 3rd period - Slapshot by Nicholas Caamano.
1:52 of 3rd period - Shot Blocked by Kale Clague.
2:16 of 3rd period - Wrist shot by Xavier Bourgault.
2:16 of 3rd period - Stopped by Arvid Holm with a rebound.
2:18 of 3rd period - Wrist shot by Joey Anderson.
2:18 of 3rd period - Stopped by Arvid Holm with a rebound.
2:20 of 3rd period - Snap shot by Joey Anderson.
2:20 of 3rd period - Stopped by Arvid Holm without a rebound.
2:21 of 3rd period - Riley Nash wins face-off versus Ryan McLeod in Kelowna Rockets zone.
2:28 of 3rd period - Snap shot by Matias Maccelli.
2:28 of 3rd period - Stopped by Karel Vejmelka with a rebound.
2:30 of 3rd period - Wrist shot by Riley Nash.
2:30 of 3rd period - Stopped by Karel Vejmelka with a rebound.
2:32 of 3rd period - Slapshot by Anttoni Honka.
2:32 of 3rd period - Stopped by Karel Vejmelka without a rebound.
2:33 of 3rd period - Connor McMichael wins face-off versus Riley Nash in Edmonton Oil Kings zone.
3:26 of 3rd period - Snap shot by Filip Zadina.
3:26 of 3rd period - Stopped by Arvid Holm without a rebound.
3:27 of 3rd period - Bobby McMann wins face-off versus Connor McMichael in Kelowna Rockets zone.
3:36 of 3rd period - Snap shot by Jack Quinn.
3:36 of 3rd period - Stopped by Arvid Holm without a rebound.
3:37 of 3rd period - Jack Drury wins face-off versus Morgan Barron in Kelowna Rockets zone.
4:00 of 3rd period - Slapshot by Connor McMichael.
4:00 of 3rd period - Shot Misses the Net.
4:23 of 3rd period - Off-side.
4:24 of 3rd period - Ryan McLeod wins face-off versus Riley Nash in neutral zone.
4:34 of 3rd period - Wrist shot by Riley Nash.
4:34 of 3rd period - Stopped by Karel Vejmelka with a rebound.
5:16 of 3rd period - Snap shot by Mackenzie Entwistle.
5:16 of 3rd period - Shot Misses the Net.
5:48 of 3rd period - Wrist shot by Connor Zary.
5:48 of 3rd period - Shot Misses the Net.
6:28 of 3rd period - Wrist shot by Noah Gregor.
6:28 of 3rd period - Shot Misses the Net.
6:30 of 3rd period - Snap shot by Noah Gregor.
6:30 of 3rd period - Shot Blocked by Anttoni Honka.
6:32 of 3rd period - Slapshot by Kale Clague.
6:32 of 3rd period - Stopped by Arvid Holm without a rebound.
6:33 of 3rd period - Ryan McLeod wins face-off versus Jack Drury in Kelowna Rockets zone.
7:20 of 3rd period - Snap shot by Joey Anderson.
7:20 of 3rd period - Shot Misses the Net.
7:56 of 3rd period - Bobby McMann is hit by Dillon Dube and loses puck.
8:48 of 3rd period - Icing by Nick Holden.
8:49 of 3rd period - Tyler Angle wins face-off versus Connor Zary in Edmonton Oil Kings zone.
8:56 of 3rd period - Slapshot by Brett Kulak.
8:56 of 3rd period - Shot Blocked by Anttoni Honka.
8:58 of 3rd period - Wrist shot by Mackenzie Entwistle.
8:58 of 3rd period - Deflect By Tyler Angle.
8:58 of 3rd period - Shot Blocked by Anttoni Honka.
8:58 of 3rd period - Puck is out of play.
8:59 of 3rd period - Riley Nash wins face-off versus Ryan McLeod in Kelowna Rockets zone.
9:37 of 3rd period - Wrist shot by Connor Zary.
9:37 of 3rd period - Shot Misses the Net.
9:51 of 3rd period - Jacob Perreault is hit by Xavier Bourgault and loses puck.
10:24 of 3rd period - Riley Nash is hit by Filip Zadina and loses puck.
10:31 of 3rd period - Slapshot by Lucas Johansen.
10:31 of 3rd period - Shot Blocked by Kale Clague.
10:33 of 3rd period - Slapshot by Oskari Laaksonen.
10:33 of 3rd period - Stopped by Karel Vejmelka with a rebound.
10:35 of 3rd period - Slapshot by Lucas Johansen.
10:35 of 3rd period - Shot Blocked by Josh Mahura.
10:43 of 3rd period - Slapshot by Filip Zadina.
10:43 of 3rd period - Shot Misses the Net.
11:07 of 3rd period - Snap shot by Matias Maccelli.
11:07 of 3rd period - Deflect By Mavrik Bourque.
11:07 of 3rd period - Shot Misses the Net.
11:07 of 3rd period - Puck is out of play.
11:08 of 3rd period - Ryan McLeod wins face-off versus Jack Drury in Edmonton Oil Kings zone.
11:41 of 3rd period - Snap shot by Roby Jarventie.
11:41 of 3rd period - Stopped by Karel Vejmelka with a rebound.
11:43 of 3rd period - Snap shot by Anttoni Honka.
11:43 of 3rd period - Stopped by Karel Vejmelka without a rebound.
11:44 of 3rd period - Ryan McLeod wins face-off versus Jack Drury in Edmonton Oil Kings zone.
11:44 of 3rd period - Ryan McLeod is hit by Bobby McMann.
11:52 of 3rd period - Backhand shot by Jack Drury.
11:52 of 3rd period - Stopped by Karel Vejmelka without a rebound.
11:53 of 3rd period - Ryan McLeod wins face-off versus Jack Drury in Edmonton Oil Kings zone.
12:23 of 3rd period - Snap shot by Jacob Perreault.
12:23 of 3rd period - Shot Misses the Net.
13:16 of 3rd period - Wrist shot by Dillon Dube.
13:16 of 3rd period - Shot Misses the Net.
13:18 of 3rd period - Snap shot by Ryan McLeod.
13:18 of 3rd period - Shot Blocked by Kim Nousiainen.
13:20 of 3rd period - Slapshot by Juuso Valimaki.
13:20 of 3rd period - Shot Misses the Net.
13:36 of 3rd period - Slapshot by Jacob Perreault.
13:36 of 3rd period - Stopped by Karel Vejmelka with a rebound.
13:38 of 3rd period - Wrist shot by Bobby McMann.
13:38 of 3rd period - Goal by Bobby McMann - Edmonton Oil Kings : 2 - Kelowna Rockets : 3.
13:39 of 3rd period - Connor McMichael wins face-off versus Riley Nash in neutral zone.
14:04 of 3rd period - Maxence Guenette is hit by Xavier Bourgault and loses puck.
14:20 of 3rd period - Icing by Joey Anderson.
14:21 of 3rd period - Tyler Angle wins face-off versus Mavrik Bourque in Edmonton Oil Kings zone.
14:21 of 3rd period - Tyler Angle is hit by Matias Maccelli.
14:28 of 3rd period - Snap shot by Riley Nash.
14:28 of 3rd period - Stopped by Karel Vejmelka without a rebound.
14:29 of 3rd period - Riley Nash wins face-off versus Connor McMichael in Edmonton Oil Kings zone.
14:30 of 3rd period - Slapshot by Matias Maccelli.
14:30 of 3rd period - Stopped by Karel Vejmelka without a rebound.
14:31 of 3rd period - Riley Nash wins face-off versus Connor McMichael in Edmonton Oil Kings zone.
14:36 of 3rd period - Snap shot by Matias Maccelli.
14:36 of 3rd period - Deflect By Riley Nash.
14:36 of 3rd period - Stopped by Karel Vejmelka with a rebound.
14:38 of 3rd period - Slapshot by Maxence Guenette.
14:38 of 3rd period - Deflect By Connor McMichael.
14:38 of 3rd period - Stopped by Karel Vejmelka without a rebound.
14:39 of 3rd period - Connor McMichael wins face-off versus Riley Nash in Edmonton Oil Kings zone.
14:44 of 3rd period - Slapshot by Josh Mahura.
14:44 of 3rd period - Stopped by Arvid Holm without a rebound.
14:45 of 3rd period - Connor McMichael wins face-off versus Riley Nash in Kelowna Rockets zone.
14:46 of 3rd period - Slapshot by Jack Quinn.
14:46 of 3rd period - Stopped by Arvid Holm without a rebound.
14:47 of 3rd period - Connor McMichael wins face-off versus Riley Nash in Kelowna Rockets zone.
15:12 of 3rd period - Joey Anderson is hit by Roby Jarventie and loses puck.
15:39 of 3rd period - Ryan McLeod is hit by Bobby McMann and loses puck.
16:07 of 3rd period - Minor Penalty to Eemil Viro for Interference.
16:08 of 3rd period - Joel Kiviranta wins face-off versus Ryan McLeod in Kelowna Rockets zone.
16:44 of 3rd period - Slapshot by Jack Quinn.
16:44 of 3rd period - Shot Blocked by Matias Maccelli.
16:46 of 3rd period - Wrist shot by Jack Quinn.
16:46 of 3rd period - Shot Misses the Net.
17:10 of 3rd period - Matias Maccelli is hit by Jack Quinn and loses puck.
17:33 of 3rd period - Wrist shot by Kirill Marchenko.
17:33 of 3rd period - Stopped by Arvid Holm with a rebound.
17:37 of 3rd period - Wrist shot by Kirill Marchenko.
17:37 of 3rd period - Shot Blocked by Maxence Guenette.
17:39 of 3rd period - Snap shot by Ryan McLeod.
17:39 of 3rd period - Goal by Ryan McLeod - Edmonton Oil Kings : 3 - Kelowna Rockets : 3.
17:40 of 3rd period - Xavier Bourgault wins face-off versus Mavrik Bourque in neutral zone.
17:56 of 3rd period - Icing by Lucas Johansen.
17:57 of 3rd period - Mavrik Bourque wins face-off versus Connor McMichael in Kelowna Rockets zone.
18:54 of 3rd period - Snap shot by Morgan Barron.
18:54 of 3rd period - Shot Misses the Net.
18:56 of 3rd period - Wrist shot by Connor McMichael.
18:56 of 3rd period - Shot Blocked by Oskari Laaksonen.
18:58 of 3rd period - Wrist shot by Jack Quinn.
18:58 of 3rd period - Shot Misses the Net.
Goals for this period are 1 for Edmonton Oil Kings vs 1 for Kelowna Rockets.
Shots for this period are 12 for Edmonton Oil Kings vs 16 for Kelowna Rockets.
Overtime #1
0:01 of 1st overtime period - Ryan McLeod wins face-off versus Matias Maccelli in neutral zone.
1:12 of 1st overtime period - Lucas Johansen is hit by Troy Stecher and loses puck.
2:13 of 1st overtime period - Riley Nash is hit by Brett Kulak and loses puck.
2:42 of 1st overtime period - Connor McMichael is hit by Lucas Johansen.
2:46 of 1st overtime period - Roby Jarventie is hit by Connor McMichael and loses puck.
3:39 of 1st overtime period - Noah Gregor is hit by Maxence Guenette and loses puck.
4:02 of 1st overtime period - Dillon Dube is hit by Eemil Viro and loses puck.
4:39 of 1st overtime period - Kale Clague is hit by Kim Nousiainen and loses puck.
4:48 of 1st overtime period - Snap shot by Nicholas Caamano.
4:48 of 1st overtime period - Shot Misses the Net.
4:56 of 1st overtime period - Roby Jarventie is hit by Morgan Barron.
Goals for this period are 0 for Edmonton Oil Kings vs 0 for Kelowna Rockets.
Shots for this period are 0 for Edmonton Oil Kings vs 0 for Kelowna Rockets.
ShootOut
5:00 of 1st overtime period - Round #1.
5:00 of 1st overtime period - Edmonton Oil Kings, Kirill Marchenko.
5:00 of 1st overtime period - Deke by Kirill Marchenko.
5:00 of 1st overtime period - Stopped by Arvid Holm.
5:00 of 1st overtime period - Kelowna Rockets, Riley Nash.
5:00 of 1st overtime period - Snap shot by Riley Nash.
5:00 of 1st overtime period - Stopped by Karel Vejmelka.
5:00 of 1st overtime period - Round #2.
5:00 of 1st overtime period - Edmonton Oil Kings, Dillon Dube.
5:00 of 1st overtime period - Snap shot by Dillon Dube.
5:00 of 1st overtime period - Stopped by Arvid Holm.
5:00 of 1st overtime period - Kelowna Rockets, Matias Maccelli.
5:00 of 1st overtime period - Deke by Matias Maccelli.
5:00 of 1st overtime period - Stopped by Karel Vejmelka.
5:00 of 1st overtime period - Round #3.
5:00 of 1st overtime period - Edmonton Oil Kings, Jack Quinn.
5:00 of 1st overtime period - Wrist shot by Jack Quinn.
5:00 of 1st overtime period - Shot Hit the Post.
5:00 of 1st overtime period - Kelowna Rockets, Joel Kiviranta.
5:00 of 1st overtime period - Backhand shot by Joel Kiviranta.
5:00 of 1st overtime period - Stopped by Karel Vejmelka.
5:00 of 1st overtime period - Round #4.
5:00 of 1st overtime period - Edmonton Oil Kings, Ryan McLeod.
5:00 of 1st overtime period - Backhand shot by Ryan McLeod.
5:00 of 1st overtime period - Goal by Ryan McLeod.
5:00 of 1st overtime period - Kelowna Rockets, Bobby McMann.
5:00 of 1st overtime period - Snap shot by Bobby McMann.
5:00 of 1st overtime period - Stopped by Karel Vejmelka.
Back to the Top